PA
GWINNETT COUNTY BLACK CATS @ WALLA WALLA WALLEYE
08/18/2025
 
TOP OF THE 1ST
Gwinnett County Black Cats batting - Pitching for Walla Walla Walleye : RHP Bartolo Ruíz
Pitching: RHP Bartolo Ruíz
Batting: SHB Ted Tullo 0-0: Ball
1-0: Swinging Strike
1-1: Foul Ball, location: 2F
1-2: Foul Ball, location: 2F
1-2: Ball
2-2: Fly out, F4 (Line Drive, 4)
Batting: RHB Luis Guerrero 0-0: Ball
1-0: Ground out 5-3 (Groundball, 56S)
Batting: RHB Dave Shaw 0-0: Swinging Strike
0-1: Ball
1-1: Swinging Strike
1-2: Ball
2-2: Foul Ball, location: 2F
2-2: Foul Ball, location: 2F
2-2: Ball
3-2: Fly out, F4 (Popup, 4MD)
Top of the 1st over - 0 run(s), 0 hit(s), 0 error(s), 0 left on base; Gwinnett County 0 - Walla Walla 0
BOTTOM OF THE 1ST
Walla Walla Walleye batting - Pitching for Gwinnett County Black Cats : LHP Luis Valéncia
Pitching: LHP Luis Valéncia
Batting: RHB Isuru Tanaka 0-0: Ball
1-0: Ball
2-0: Ground out 5-3 (Groundball, 25)
Batting: RHB Tom Milligan 0-0: Ball
1-0: Called Strike
1-1: Ball
2-1: Foul Ball, location: 2F
2-2: Foul Ball, location: 2F
2-2: Ball
3-2: Base on Balls
Batting: RHB Jing-sheng Joo 0-0: Ball
1-0: Fly out, F5 (Line Drive, 5L)
Batting: RHB Joe Dundee 0-0: Ball
1-0: Ground out 4-3 (Groundball, 34)
Bottom of the 1st over - 0 run(s), 0 hit(s), 0 error(s), 1 left on base; Gwinnett County 0 - Walla Walla 0
TOP OF THE 2ND
Gwinnett County Black Cats batting - Pitching for Walla Walla Walleye : RHP Bartolo Ruíz
Batting: RHB Wallis Fortuna 0-0: Ground out 6-3 (Groundball, 6)
Batting: RHB King Tracy 0-0: Fly out, F5 (Line Drive, 5S)
Batting: RHB Aaron Taylor 0-0: Called Strike
0-1: Ground out 6-3 (Groundball, 6)
Top of the 2nd over - 0 run(s), 0 hit(s), 0 error(s), 0 left on base; Gwinnett County 0 - Walla Walla 0
BOTTOM OF THE 2ND
Walla Walla Walleye batting - Pitching for Gwinnett County Black Cats : LHP Luis Valéncia
Batting: LHB Michael Malloy 0-0: Ground out 4-3 (Groundball, 4)
Batting: SHB Horatio McAllister 0-0: Ball
1-0: Ball
2-0: Ball
3-0: Called Strike
3-1: Base on Balls
Batting: RHB Maik Palen 0-0: Ball
1-0: Foul Ball, location: 2F
1-1: Ball
2-1: Grounds into double play, 5-4-3 (Groundball, 56)
Bottom of the 2nd over - 0 run(s), 0 hit(s), 0 error(s), 0 left on base; Gwinnett County 0 - Walla Walla 0
TOP OF THE 3RD
Gwinnett County Black Cats batting - Pitching for Walla Walla Walleye : RHP Bartolo Ruíz
Batting: RHB Sidney Mackell 0-0: Ball
1-0: Ball
2-0: Ball
3-0: Called Strike
3-1: Foul Ball, location: 2F
3-2: Strikes out looking
Batting: LHB Octávio Ontiveros 0-0: Ball
1-0: Foul Ball, location: 2F
1-1: Ball
2-1: SINGLE (Groundball, 23) (infield hit)
Batting: RHB Chang-lit Min 0-0: Called Strike
0-1: Fly out, F2 (Popup, 23)
Batting: SHB Ted Tullo 0-0: Called Strike
0-1: Ball
1-1: Ball
2-1: Ball
3-1: Foul Ball, location: 2F
3-2: Strikes out swinging
Top of the 3rd over - 0 run(s), 1 hit(s), 0 error(s), 1 left on base; Gwinnett County 0 - Walla Walla 0
BOTTOM OF THE 3RD
Walla Walla Walleye batting - Pitching for Gwinnett County Black Cats : LHP Luis Valéncia
Batting: RHB Juan Martínez 0-0: Ball
1-0: Ground out 4-3 (Groundball, 4M)
Batting: RHB Randolph Descoteaux 0-0: Ground out 6-3 (Groundball, 6)
Batting: RHB Isuru Tanaka 0-0: Swinging Strike
0-1: Ball
1-1: Ball
2-1: Foul Ball, location: 2F
2-2: Ground out 5-3 (Groundball, 56)
Bottom of the 3rd over - 0 run(s), 0 hit(s), 0 error(s), 0 left on base; Gwinnett County 0 - Walla Walla 0
TOP OF THE 4TH
Gwinnett County Black Cats batting - Pitching for Walla Walla Walleye : RHP Bartolo Ruíz
Batting: RHB Luis Guerrero 0-0: Ball
1-0: Foul Ball, location: 2F
1-1: Called Strike
1-2: Ball
2-2: DOUBLE (Line Drive, 9LS)
Batting: RHB Dave Shaw 0-0: Swinging Strike
0-1: Ball
1-1: Called Strike
1-2: Ground out 6-3 (Groundball, 6)
Luis Guerrero to third
Batting: RHB Wallis Fortuna 0-0: Ball
1-0: Ball
2-0: Foul Ball, location: 2F
2-1: Swinging Strike
2-2: Ball
3-2: Foul Ball, location: 2F
3-2: Ground out 6-3 (Groundball, 6)
Luis Guerrero scores
Batting: RHB King Tracy 0-0: Called Strike
0-1: Ball
1-1: Ball
2-1: Foul Ball, location: 2F
2-2: Ball
3-2: Strikes out swinging, 2-3 out at first.
Top of the 4th over - 1 run(s), 1 hit(s), 0 error(s), 0 left on base; Gwinnett County 1 - Walla Walla 0
BOTTOM OF THE 4TH
Walla Walla Walleye batting - Pitching for Gwinnett County Black Cats : LHP Luis Valéncia
Batting: RHB Tom Milligan 0-0: Ball
1-0: Called Strike
1-1: Ball
2-1: Foul Ball, location: 2F
2-2: Strikes out swinging
Batting: RHB Jing-sheng Joo 0-0: Ball
1-0: Foul Ball, location: 2F
1-1: Foul Ball, location: 2F
1-2: Ground out 6-3 (Groundball, 6)
Batting: RHB Joe Dundee 0-0: Foul Ball, location: 2F
0-1: Ball
1-1: Fly out, F9 (Line Drive, 9LM)
Bottom of the 4th over - 0 run(s), 0 hit(s), 0 error(s), 0 left on base; Gwinnett County 1 - Walla Walla 0
TOP OF THE 5TH
Gwinnett County Black Cats batting - Pitching for Walla Walla Walleye : RHP Bartolo Ruíz
Batting: RHB Aaron Taylor 0-0: Called Strike
0-1: Ball
1-1: Ball
2-1: Fly out, F9 (Flyball, 9LS)
Batting: RHB Sidney Mackell 0-0: Ball
1-0: Ball
2-0: Called Strike
2-1: Swinging Strike
2-2: Foul Ball, location: 2F
2-2: Ground out 6-3 (Groundball, 6D)
Batting: LHB Octávio Ontiveros 0-0: Swinging Strike
0-1: Ball
1-1: Foul Ball, location: 2F
1-2: Ball
2-2: Foul Ball, location: 2F
2-2: Strikes out swinging
Top of the 5th over - 0 run(s), 0 hit(s), 0 error(s), 0 left on base; Gwinnett County 1 - Walla Walla 0
BOTTOM OF THE 5TH
Walla Walla Walleye batting - Pitching for Gwinnett County Black Cats : LHP Luis Valéncia
Batting: LHB Michael Malloy 0-0: Called Strike
0-1: Ground out 3-1 (Groundball, 34S)
Batting: SHB Horatio McAllister 0-0: Foul Ball, location: 2F
0-1: Ball
1-1: Swinging Strike
1-2: Ball
2-2: Fly out, F7 (Flyball, 7S)
Batting: RHB Maik Palen 0-0: Ball
1-0: Fly out, F4 (Popup, 34D)
Bottom of the 5th over - 0 run(s), 0 hit(s), 0 error(s), 0 left on base; Gwinnett County 1 - Walla Walla 0
TOP OF THE 6TH
Gwinnett County Black Cats batting - Pitching for Walla Walla Walleye : RHP Bartolo Ruíz
Batting: RHB Chang-lit Min 0-0: Ball
1-0: Ball
2-0: Ball
3-0: Base on Balls
Batting: SHB Ted Tullo 0-0: Ball
1-0: Bunted foul
1-1: Ball
2-1: Bunted foul
2-2: Strikes out swinging
Batting: RHB Luis Guerrero 0-0: Ball
1-0: Swinging Strike
1-1: Ball
2-1: Ball
3-1: Fielders Choice at 2nd, 1-4 (Groundball, 15)
Batting: RHB Dave Shaw 0-0: Ball
1-0: Ball
2-0: Ball
3-0: Foul Ball, location: 2F
3-1: Base on Balls
Luis Guerrero to second
Batting: RHB Wallis Fortuna 0-0: Swinging Strike
0-1: Ball
1-1: Foul Ball, location: 2F
1-2: Fly out, F9 (Flyball, 89S)
Top of the 6th over - 0 run(s), 0 hit(s), 0 error(s), 2 left on base; Gwinnett County 1 - Walla Walla 0
BOTTOM OF THE 6TH
Walla Walla Walleye batting - Pitching for Gwinnett County Black Cats : LHP Luis Valéncia
Batting: RHB Juan Martínez 0-0: Ball
1-0: Fly out, F6 (Popup, 6)
Batting: RHB Randolph Descoteaux 0-0: Ground out 5-3 (Groundball, 56S)
Batting: RHB Isuru Tanaka 0-0: Called Strike
0-1: Ball
1-1: Ball
2-1: Foul Ball, location: 2F
2-2: SINGLE (Groundball, 56D)
Batting: RHB Tom Milligan 0-0: Called Strike
0-1: Ball
1-1: Ball
2-1: Foul Ball, location: 2F
2-2: Strikes out swinging
Bottom of the 6th over - 0 run(s), 1 hit(s), 0 error(s), 1 left on base; Gwinnett County 1 - Walla Walla 0
TOP OF THE 7TH
Gwinnett County Black Cats batting - Pitching for Walla Walla Walleye : RHP Bartolo Ruíz
Batting: RHB King Tracy 0-0: Ball
1-0: Ball
2-0: Called Strike
2-1: DOUBLE (Groundball, 5L)
Pinch Hitting: RHB Jim Unknown 0-0: Intentional Walk
Pitching: LHP Reid Garrett
Batting: RHB Sidney Mackell 0-0: Bunt missed!
0-1: Bunt missed!
0-2: Ball
1-2: Ball
2-2: Ground out 5-3 (Groundball, 5)
King Tracy to third
Jim Unknown to second
Pinch Hitting: LHB Jace McNulty 0-0: Intentional Walk
Pinch Hitting: LHB Darrell Woodmansee 0-0: SINGLE (Groundball, 3L) (infield hit)
King Tracy scores
Jim Unknown to third
Jace McNulty to second
Batting: SHB Ted Tullo 0-0: Ball
1-0: Ball
2-0: Ball
3-0: Base on Balls
Jim Unknown scores
Jace McNulty to third
Darrell Woodmansee to second
Batting: RHB Luis Guerrero 0-0: Fly out, F8 (Flyball, 8LD)
Runner from 3rd tags up, SCORES, no throw
Batting: RHB Dave Shaw 0-0: Foul Ball, location: 2F
0-1: Swinging Strike
0-2: Strikes out swinging
Top of the 7th over - 3 run(s), 2 hit(s), 0 error(s), 2 left on base; Gwinnett County 4 - Walla Walla 0
BOTTOM OF THE 7TH
Walla Walla Walleye batting - Pitching for Gwinnett County Black Cats : LHP Luis Valéncia
Now at 2B: Addie Kattenberg
Now in LF: Jim Unknown
Batting: RHB Jing-sheng Joo 0-0: Ball
Now in LF: Darrell Woodmansee 1-0: Called Strike
1-1: SINGLE (Groundball, 4D)
Batting: RHB Joe Dundee 0-0: Grounds into double play, 6-4-3 (Groundball, 6)
Batting: LHB Michael Malloy 0-0: Called Strike
0-1: Ball
1-1: Swinging Strike
1-2: Ball
2-2: Strikes out swinging
Bottom of the 7th over - 0 run(s), 1 hit(s), 0 error(s), 0 left on base; Gwinnett County 4 - Walla Walla 0
TOP OF THE 8TH
Gwinnett County Black Cats batting - Pitching for Walla Walla Walleye : LHP Reid Garrett
Batting: RHB Wallis Fortuna 0-0: Ball
1-0: Ball
2-0: Called Strike
2-1: Swinging Strike
2-2: Ball
3-2: Foul Ball, location: 2F
3-2: Strikes out swinging
Batting: RHB King Tracy 0-0: DOUBLE (Groundball, 5L)
Batting: RHB Jim Unknown 0-0: Ground out 5-3 (Groundball, 56)
Batting: RHB Sidney Mackell 0-0: Called Strike
0-1: Ball
1-1: Ball
2-1: Foul Ball, location: 2F
2-2: Foul Ball, location: 2F
2-2: Ground out 6-3 (Groundball, 6MD)
Top of the 8th over - 0 run(s), 1 hit(s), 0 error(s), 1 left on base; Gwinnett County 4 - Walla Walla 0
BOTTOM OF THE 8TH
Walla Walla Walleye batting - Pitching for Gwinnett County Black Cats : LHP Luis Valéncia
Pitching: RHP Héctor Salazar
Batting: SHB Horatio McAllister 0-0: Called Strike
0-1: Ball
1-1: Foul Ball, location: 2F
1-2: Foul Ball, location: 2F
1-2: Strikes out swinging
Batting: RHB Maik Palen 0-0: Ball
1-0: Fly out, F6 (Line Drive, 6)
Batting: RHB Juan Martínez 0-0: Called Strike
0-1: Ball
1-1: Called Strike
1-2: Strikes out swinging
Bottom of the 8th over - 0 run(s), 0 hit(s), 0 error(s), 0 left on base; Gwinnett County 4 - Walla Walla 0
TOP OF THE 9TH
Gwinnett County Black Cats batting - Pitching for Walla Walla Walleye : LHP Reid Garrett
Pitching: RHP Erasmo Monteagudo
Batting: RHB Addie Kattenberg 0-0: SINGLE (Flyball, 78M)
Pitching: RHP Jim Unknown
Batting: LHB Darrell Woodmansee 0-0: Fly out, F7 (Flyball, 78M)
Batting: SHB Ted Tullo 0-0: Fielders Choice at 2nd, 1-4 (Groundball, 15S)
Batting: RHB Luis Guerrero 0-0: Ball
Ted Tullo steals 2nd base
1-0: Called Strike
1-1: Foul Ball, location: 2F
1-2: SINGLE (Groundball, 6D)
Ted Tullo to third
Runner from 3rd tries for Home, SAFE, no throw
Batting: RHB Dave Shaw 0-0: Ball
Luis Guerrero steals 2nd base
1-0: Called Strike
1-1: Foul Ball, location: 2F
1-2: Foul Ball, location: 2F
1-2: Fly out, F5 (Popup, 5D)
Top of the 9th over - 1 run(s), 2 hit(s), 0 error(s), 1 left on base; Gwinnett County 5 - Walla Walla 0
BOTTOM OF THE 9TH
Walla Walla Walleye batting - Pitching for Gwinnett County Black Cats : RHP Héctor Salazar
Batting: RHB Randolph Descoteaux 0-0: Swinging Strike
0-1: Ball
1-1: Swinging Strike
1-2: Ball
2-2: Strikes out swinging, 2-3 out at first.
Batting: RHB Isuru Tanaka 0-0: Ball
1-0: Fly out, F6 (Popup, 6D)
Batting: RHB Tom Milligan 0-0: Fly out, F8 (Flyball, 8RM)
Bottom of the 9th over - 0 run(s), 0 hit(s), 0 error(s), 0 left on base; Gwinnett County 5 - Walla Walla 0
Friday, December 30th, 2016 - OOTP Baseball 17.12 Build 75